[Event "Early-Titled-Tuesday-Blitz-September-26-2023"]
[Site "Chess.com"]
[Date "2023.09.26"]
[Round "10"]
[White "Wizard_97"]
[Black "kereswasbest"]
[Result "1-0"]
[WhiteElo "2541"]
[BlackElo "2309"]
[TimeControl "180+1"]
[EndTime "9:54:35 PDT"]
[Termination "Wizard_97 won by resignation"]

1. e4 e5 2. Nf3 Nc6 3. Bc4 Bc5 4. c3 Nf6 5. d3 d6 6. Nbd2 Be6 7. Bb3 O-O 8. h3 d5 9. Qe2 Re8 10. Nf1 dxe4 11. dxe4 Bxb3 12. axb3 a6 13. Ng3 Bf8 14. O-O g6 15. Be3 Bg7 16. Rfd1 Qe7 17. b4 h6 18. Nd2 Rad8 19. Nb3 Qe6 20. Nc5 Qc8 21. b5 Rxd1+ 22. Rxd1 Nb8 23. bxa6 Nxa6 24. Nxa6 bxa6 25. Qc4 Qb7 26. b4 c6 27. Ra1 Qb5 28.
Qc5 Nd7 29. Qxb5 axb5 30. Ra7 Nf8 31. Rc7 Re6 32. Bc5 h5 33. Nf1 g5 34. Ne3 Kh7 35. Nf5 Ng6 36. Rxf7 Rf6 37. Rxg7+ 1-0

[Event "Early-Titled-Tuesday-Blitz-September-26-2023"]
[Site "Chess.com"]
[Date "2023.09.26"]
[Round "10"]
[White "Elprofessor21"]
[Black "BogdanDeac"]
[Result "1-0"]
[WhiteElo "2661"]
[BlackElo "2929"]
[TimeControl "180+1"]
[EndTime "9:54:36 PDT"]
[Termination "Elprofessor21 won by resignation"]

1. e4 c6 2. Nf3 d5 3. d3 Nd7 4. g3 dxe4 5. dxe4 e5 6. Bg2 Ngf6 7. O-O Bc5 8. Qe2 O-O 9. Nbd2 a5 10. Nb3 Be7 11. a4 b6 12. Rd1 Ba6 13. Qe1 Qc7 14.
Nh4 g6 15. Bh6 Rfe8 16. Bg5 Nf8 17. Bf1 Bxf1 18. Kxf1 Ne6 19. Bxf6 Bxf6 20. Nf3 b5 21. Kg2 Reb8 22. Qc3 Kg7 23. axb5 Rxb5 24. Ra4 Nd4 25. Nbxd4 exd4 26. Nxd4 Qb6 27. Ne6+ fxe6 28. Rd7+ 1-0

[Event "Early-Titled-Tuesday-Blitz-September-26-2023"]
[Site "Chess.com"]
[Date "2023.09.26"]
[Round "10"]
[White "AnaKuchava"]
[Black "borocotoajua"]
[Result "0-1"]
[WhiteElo "2263"]
[BlackElo "2563"]
[TimeControl "180+1"]
[EndTime "9:54:36 PDT"]
[Termination "borocotoajua won on time"]

1. d4 Nf6 2. Nf3 g6 3. c4 Bg7 4. Nc3 d6 5. e4 O-O 6. Be2 e5 7. O-O Nc6 8. Be3 Ng4 9. Bg5 f6 10. Bc1 f5 11. d5 Ne7 12. Ng5 Nf6 13. exf5 gxf5 14. f4 Ng6 15. fxe5 dxe5 16. Ne6 Bxe6 17. dxe6 Qe7 18. Rxf5 Qxe6 19. Rf1 Rad8 20. Qb3 Nf4 21. Bxf4 exf4 22. Bf3 Rd2 23. Nd5 Ne4 24. Bxe4 Qxe4 25. Qf3 Qd4+ 26. Kh1 c6 27. Nc3 Rxb2 0-1

[Event "Early-Titled-Tuesday-Blitz-September-26-2023"]
[Site "Chess.com"]
[Date "2023.09.26"]
[Round "10"]
[White "Kotofeyca"]
[Black "Doudou2015"]
[Result "1-0"]
[WhiteElo "2370"]
[BlackElo "2168"]
[TimeControl "180+1"]
[EndTime "9:54:39 PDT"]
[Termination "Kotofeyca won on time"]

1. d4 d5 2. c4 e6 3. Nc3 c6 4. cxd5 exd5 5. Qc2 Nf6 6. Bg5 Be7 7. e3 h6 8. Bh4 Ne4 9. Bxe7 Qxe7 10. Nxd5 cxd5 11. Qxc8+ Qd8 12. Bb5+ Ke7 13. Qxb7+ Kf6 14. b4 Qd6 15. a3 a6 16. Qxa8 axb5 17. Qb7 Na6 18.
Rc1 Rb8 19. Qc6 1-0

[Event "Early-Titled-Tuesday-Blitz-September-26-2023"]
[Site "Chess.com"]
[Date "2023.09.26"]
[Round "10"]
[White "Shockerlover"]
[Black "maurovargas01"]
[Result "0-1"]
[WhiteElo "1951"]
[BlackElo "1899"]
[TimeControl "180+1"]
[EndTime "9:54:43 PDT"]
[Termination "maurovargas01 won by resignation"]

1. d4 d5 2. Nf3 Bg4 3. c4 e6 4. cxd5 exd5 5. Nc3 c6 6. Bf4 Nf6 7. e3 Nh5 8. Bg5 Qd7 9. Be2 h6 10. Bh4 g5 11. Bg3 Nxg3 12. hxg3 Bg7 13. Qc2 Bf5 14. Bd3 Bxd3 15. Qxd3 Na6 16. a3 O-O-O 17. b4 Nc7 18. a4 f5 19. b5 Rhe8 20. Rc1 f4 21. gxf4 gxf4 22. bxc6 bxc6 23. Qa6+ Nxa6 24. Nb5 Kb8 0-1

[Event "Early-Titled-Tuesday-Blitz-September-26-2023"]
[Site "Chess.com"]
[Date "2023.09.26"]
[Round "10"]
[White "kleopl"]
[Black "ZeGood_ZeBad_ZeUgly"]
[Result "1-0"]
[WhiteElo "2464"]
[BlackElo "2311"]
[TimeControl "180+1"]
[EndTime "9:54:46 PDT"]
[Termination "kleopl won by resignation"]

1. e4 c5 2. Nc3 Nc6 3. Bb5 Nd4 4. Bc4 d6 5. Nf3 Bg4 6. Nxd4 cxd4 7. Qxg4 Nf6 8. Bb5+ Nd7 9. Ne2 e6 10. Nxd4 a6 11. Nxe6 fxe6 12. Qxe6+ Be7 13. Bxd7+ Qxd7 14. Qxd7+ Kxd7 15. d4 Bf6 16. c3 Rhe8 17. f3 b5 18. Kf2 b4 19. Be3 Rac8 20. Rac1 a5 21. cxb4 axb4 22. Ke2 Ra8 23. Rc4 Reb8 24. Ra1 g5 25. Kd3 h5 26. h3 g4 27. hxg4 hxg4 28. f4 Be7 29. d5 Bf6 30. Bd4 Bxd4 31. Kxd4 Rf8 32.
g3 Ra4 33. b3 Ra7 34. Rxb4 Rh8 35. e5 Rh3 36. Rg1 Rxa2 37. Rb7+ Kc8 38. Rg7 Rd2+ 39.
Ke4 Rhh2 40. Rxg4 Rhe2+ 41. Kf5 Rxd5 42. Rc1+ Kd8 43. Rg8+ Kd7 44. Rg7+ Kd8 45. Ra1 1-0

[Event "Early-Titled-Tuesday-Blitz-September-26-2023"]
[Site "Chess.com"]
[Date "2023.09.26"]
[Round "10"]
[White "FGHSMN"]
[Black "Journey_to_GrandMaster_YT"]
[Result "1-0"]
[WhiteElo "2851"]
[BlackElo "2605"]
[TimeControl "180+1"]
[EndTime "9:54:51 PDT"]
[Termination "FGHSMN won by resignation"]

1. b3 d6 2. Bb2 e5 3. c4 Nf6 4. e3 Be7 5. Nf3 Nbd7 6. Nc3 c6 7. d4 e4 8. Nd2 d5 9. Be2 O-O 10.
Qc2 Re8 11. g4 h6 12. Rg1 g5 13. O-O-O Nf8 14. Nf1 Ng6 15. h3 a6 16. Ng3 b5 17. c5 a5 18. f3 b4 19. Na4 exf3 20. Bxf3 Ba6 21. Nf5 Bf8 22. Nb6 Ra7 23. h4 Ne4 24. h5 Ne7 25. Bxe4 dxe4 26. Nd6 Nd5 27. Nxe8 Nxe3 28. Qxe4 Nxd1 29. Rxd1 Qe7 30. Re1 Qxe4 31. Nf6+ Kh8 32. Nxe4 Bg7 33. d5 cxd5 34. Nf6 Bb5 35. Nbxd5 a4 36. Nxb4 axb3 37. axb3 Rc7 38. Bd4 Rc8 39. Kb2 Bd7 40. Bc3 Be6 41. c6 Rc7 42. Ne8 Bxc3+ 43. Kxc3 Rc8 44. Nd6 Rd8 45. Rxe6 fxe6 46. c7 1-0

[Event "Early-Titled-Tuesday-Blitz-September-26-2023"]
[Site "Chess.com"]
[Date "2023.09.26"]
[Round "10"]
[White "Zurability"]
[Black "xxysoul6"]
[Result "1/2-1/2"]
[WhiteElo "2763"]
[BlackElo "2999"]
[TimeControl "180+1"]
[EndTime "9:54:53 PDT"]
[Termination "Game drawn by repetition"]

1. Nf3 d6 2. d4 Nf6 3. c4 g6 4. Nc3 Bg7 5. e4 O-O 6. Be2 e5 7. Be3 Nc6 8. O-O Ng4 9. Bg5 f6 10. Bc1 Bd7 11. h3 Nh6 12. Be3 Nf7 13. c5 exd4 14.
Nxd4 dxc5 15. Nxc6 Bxc6 16. Bxc5 Qxd1 17. Rfxd1 Rfd8 18. Bc4 Bf8 19. Bd4 Kg7 20. Nd5 Bxd5 21. Bxd5 c6 22. Bb3 Bd6 23. Kf1 Be5 24. Bxe5 fxe5 25. Ke2 Kf6 26. Ke3 g5 27. Bxf7 Kxf7 28. Rac1 Ke6 29. f3 a5 30. h4 h6 31. hxg5 hxg5 32. Rh1 Rh8 33. Rcd1 a4 34. a3 b6 35.
Kf2 Rh4 36. Kg3 Rah8 37. Rxh4 gxh4+ 38. Kh3 b5 39. Rd2 Ke7 40. Rd1 Rh6 41. Rd2 Rh8 42.
Kg4 Ke6 43. Kh3 Ke7 1/2-1/2

[Event "Early-Titled-Tuesday-Blitz-September-26-2023"]
[Site "Chess.com"]
[Date "2023.09.26"]
[Round "10"]
[White "Alenzer"]
[Black "m_ezat"]
[Result "0-1"]
[WhiteElo "2112"]
[BlackElo "2502"]
[TimeControl "180+1"]
[EndTime "9:54:53 PDT"]
[Termination "m_ezat won by resignation"]

1. e4 Nf6 2. e5 Nd5 3. d4 d6 4. Bc4 Nb6 5. Bb3 dxe5 6. Qh5 e6 7. dxe5 Nc6 8. Nf3 g6 9. Qg4 Bg7 10. Bg5 Qd7 11. Bf6 Bxf6 12. exf6 Nd5 13. Bxd5 Qxd5 14.
Nc3 Qa5 15. O-O Ne5 16. Qf4 Nxf3+ 17. Qxf3 Qb6 18. b3 Bd7 19. Rad1 Bc6 20. Qf4 Qc5 21. Rd3 Rd8 22. Re1 Rxd3 23. cxd3 Qxc3 24. Rc1 Qb2 25. h4 h6 26. Kh2 g5 27. Qxc7 Qxf6 28. Qc8+ Ke7 29.
Qc7+ Kf8 30. f3 Kg7 0-1

[Event "Early-Titled-Tuesday-Blitz-September-26-2023"]
[Site "Chess.com"]
[Date "2023.09.26"]
[Round "10"]
[White "Katuducha"]
[Black "ajedrezhoy"]
[Result "1-0"]
[WhiteElo "2214"]
[BlackElo "2359"]
[TimeControl "180+1"]
[EndTime "9:54:54 PDT"]
[Termination "Katuducha won on time"]

1. e4 Nf6 2. e5 Nd5 3. Nc3 Nxc3 4. dxc3 d6 5. Bc4 Nc6 6. Nf3 dxe5 7. Qxd8+ Nxd8 8.
Nxe5 f6 9. Nf3 e5 10. Be3 Be6 11. Nd2 Be7 12. O-O-O O-O 13. f4 exf4 14. Bxf4 Bxc4 15.
Nxc4 Ne6 16. Bg3 Rfd8 17. Rhe1 Kf7 18. Na5 Rxd1+ 19. Kxd1 b6 20. Nc6 Bf8 21. b4 a6 22.
a4 b5 23. a5 Re8 24. h4 g6 25. Kd2 h5 26. Kd3 Rc8 27. c4 bxc4+ 28. Kxc4 Bd6 29. Bf2 g5 30. hxg5 fxg5 31. Kb3 Nf4 32. g3 Nh3 33. Re2 Nxf2 34. Rxf2+ Ke6 35. Rf3 g4 36. Rd3 Rf8 37. c4 Rf1 38. c5 Be5 39. Re3 Rf3 40. Nd4+ 1-0

[Event "Early-Titled-Tuesday-Blitz-September-26-2023"]
[Site "Chess.com"]
[Date "2023.09.26"]
[Round "10"]
[White "Denis_Makhnyov"]
[Black "CSB7"]
[Result "1/2-1/2"]
[WhiteElo "2924"]
[BlackElo "2747"]
[TimeControl "180+1"]
[EndTime "9:54:58 PDT"]
[Termination "Game drawn by agreement"]

1. f4 Nh6 2. Nf3 g6 3. e4 d5 4. d3 dxe4 5. dxe4 Qxd1+ 6. Kxd1 Nc6 7. h3 f5 8. e5 Be6 9. c3 O-O-O+ 10. Kc2 Nf7 11.
Nbd2 g5 12. Bc4 Bxc4 13. Nxc4 e6 14. a4 gxf4 15. Bxf4 Rg8 16. g3 Bh6 17. Rag1 Rg6 18. Bxh6 Nxh6 19. g4 fxg4 20. hxg4 Nxg4 21. Kb1 h5 22.
Rxh5 Ngxe5 23. Ncxe5 Rxg1+ 24. Nxg1 Nxe5 25. Rxe5 Rd1+ 26. Kc2 Rxg1 27. Rxe6 1/2-1/2

[Event "Early-Titled-Tuesday-Blitz-September-26-2023"]
[Site "Chess.com"]
[Date "2023.09.26"]
[Round "10"]
[White "carokannlover213"]
[Black "artin10862"]
[Result "1-0"]
[WhiteElo "2737"]
[BlackElo "2883"]
[TimeControl "180+1"]
[EndTime "9:55:00 PDT"]
[Termination "carokannlover213 won by resignation"]

1. e4 g6 2. d4 Bg7 3. Nc3 d6 4. Be3 a6 5. g4 b5 6. Bg2 Bb7 7. h4 Nd7 8. h5 c5 9. h6 Bf6 10. g5 Bxd4 11. Bxd4 cxd4 12. Qxd4 e5 13. Qe3 Nb6 14.
O-O-O Nc4 15. Qg3 Qa5 16. Bf1 Qc7 17. Bxc4 bxc4 18. Nf3 Ne7 19. Nd2 O-O 20. f4 Rab8 21. fxe5 dxe5 22. Qf2 Ba8 23. Qf6 1-0

[Event "Early-Titled-Tuesday-Blitz-September-26-2023"]
[Site "Chess.com"]
[Date "2023.09.26"]
[Round "10"]
[White "Mesa_1"]
[Black "Mr_Lion22"]
[Result "0-1"]
[WhiteElo "2649"]
[BlackElo "2506"]
[TimeControl "180+1"]
[EndTime "9:55:02 PDT"]
[Termination "Mr_Lion22 won by resignation"]

1. d4 Nf6 2. c4 g6 3. Nc3 d5 4. Nf3 Bg7 5. h4 O-O 6. h5 dxc4 7. hxg6 hxg6 8. e4 c5 9. d5 e6 10. Bxc4 exd5 11. exd5 Re8+ 12. Kf1 a6 13. a4 Bg4 14. Bf4 Ne4 15. Qd3 Bf5 16. Nxe4 Bxe4 17. Qd2 Qf6 18.
Re1 Nd7 19. Ng5 Bf5 20. d6 Rxe1+ 21. Qxe1 Bd3+ 22. Bxd3 Qxf4 23. Qe7 Bd4 24. Ne4 c4 25. g3 Qf3 26. Qxd7 Qxh1+ 0-1

[Event "Early-Titled-Tuesday-Blitz-September-26-2023"]
[Site "Chess.com"]
[Date "2023.09.26"]
[Round "10"]
[White "lefonghua"]
[Black "kroppar"]
[Result "1-0"]
[WhiteElo "2628"]
[BlackElo "2427"]
[TimeControl "180+1"]
[EndTime "9:55:04 PDT"]
[Termination "lefonghua won on time"]

1. d4 Nf6 2. c4 e6 3. Nc3 b6 4. e4 d5 5. cxd5 exd5 6. e5 Ne4 7. Bd3 Bb7 8. Nge2 Be7 9. O-O O-O 10. f3 Nxc3 11. bxc3 c5 12. f4 cxd4 13. cxd4 Nc6 14. f5 f6 15. e6 Nb4 16. Nf4 Rc8 17. Be3 Nxd3 18. Qxd3 Qd6 19. Nh5 Qa3 20. Qd2 g6 21. fxg6 hxg6 22. Nf4 Kg7 23. Qf2 Rc2 24. Qxc2 Qxe3+ 25. Qf2 Qe4 26. Rae1 Qf5 27. Qg3 Bd6 28. e7 Re8 29. Nh5+ Qxh5 30. Qxd6 Bc8 31. Qxf6+ 1-0

[Event "Early-Titled-Tuesday-Blitz-September-26-2023"]
[Site "Chess.com"]
[Date "2023.09.26"]
[Round "10"]
[White "KaydenTroffChess"]
[Black "h4parah5"]
[Result "0-1"]
[WhiteElo "2779"]
[BlackElo "2961"]
[TimeControl "180+1"]
[EndTime "9:55:08 PDT"]
[Termination "h4parah5 won by resignation"]

1. d4 Nf6 2. Nf3 g6 3. Bg5 Bg7 4. Nbd2 O-O 5. e3 d6 6. h4 Nc6 7. c3 Bf5 8. Bxf6 Bxf6 9. h5 e5 10. e4 exd4 11. cxd4 Re8 12. Be2 Bxe4 13. Nxe4 Rxe4 14.
Kf1 Nxd4 15. Bd3 Rf4 16. hxg6 hxg6 17. Qd2 Bg5 18. Nxd4 Rh4 19. Rxh4 Bxd2 20. Rh3 Qf6 21. Nf3 Bf4 22. g3 Be3 23. Kg2 Qxb2 24. Rf1 Re8 25. Rh4 Bc5 26. Ng5 Re1 27. Ne4 Rxf1 28. Bxf1 Bd4 29.
Rf4 Be5 30. Rf3 Qxa2 31. Ng5 f6 32. Ne4 Kg7 33. Bd3 a5 34. g4 a4 35. g5 f5 36.
Ng3 Qd2 37. Bc4 d5 38. Rd3 Qc2 39. Rxd5 Bxg3 40. Rd7+ Kf8 41. Rf7+ Ke8 0-1

[Event "Early-Titled-Tuesday-Blitz-September-26-2023"]
[Site "Chess.com"]
[Date "2023.09.26"]
[Round "10"]
[White "Alphafischer2019"]
[Black "Kostukov_Alex"]
[Result "0-1"]
[WhiteElo "2585"]
[BlackElo "2413"]
[TimeControl "180+1"]
[EndTime "9:55:13 PDT"]
[Termination "Kostukov_Alex won by checkmate"]

1. Nf3 c5 2. b3 g6 3. Bb2 Nf6 4.
e4 Bg7 5. c4 O-O 6. e5 Ng4 7.
h3 Nh6 8. Bd3 d6 9. Qe2 Nc6 10.
Bc2 Nf5 11. Bxf5 Bxf5 12. Bc3 dxe5 13. Nxe5 Nd4 14. Qd1 Bxe5 15. O-O Bd3 16. Re1 Bg7 17. Na3 e5 18. Re3 e4 19. Qe1 f5 20. Rc1 Qg5 21. Rg3 Qh4 22. Re3 Rae8 23. Nb5 Nxb5 24.
cxb5 f4 25. Bxg7 Kxg7 26. Rxd3 exd3 27. Qf1 Re2 28. Rxc5 f3 29. g3 Qd4 30. Rc7+ Rf7 31.
Rc4 Qe5 32. Rc1 h5 33. h4 g5 34. hxg5 h4 35. gxh4 Rf4 36. Qh3 Re1+ 37. Rxe1 Qxe1+ 38. Kh2 Qxf2+ 39. Kh1 Rxh4 40. Qxh4 Qg2# 0-1

[Event "Early-Titled-Tuesday-Blitz-September-26-2023"]
[Site "Chess.com"]
[Date "2023.09.26"]
[Round "10"]
[White "Vanina1989"]
[Black "MidnightFox"]
[Result "1-0"]
[WhiteElo "2722"]
[BlackElo "2484"]
[TimeControl "180+1"]
[EndTime "9:55:14 PDT"]
[Termination "Vanina1989 won by resignation"]

1. d4 Nf6 2. c4 e5 3. dxe5 Ne4 4. Nf3 Bb4+ 5. Nbd2 d6 6. a3 Bxd2+ 7. Bxd2 dxe5 8.
Nxe5 Nxf2 9. Qa4+ c6 10. c5 Nxh1 11. Rd1 O-O 12. Bc3 Qe7 13. Qd4 f6 14. Nc4 Be6 15.
Nd6 Bb3 16. Rd3 Nd7 17. Nf5 Qe6 18. Qxd7 Qxd7 19. Rxd7 Be6 20. Ne7+ Kh8 21. Rd6 Bb3 22. Nf5 Rad8 23. e4 b6 24. Nd4 Bf7 25. Nxc6 Rc8 26. Ba6 Rc7 27. Bb4 Re8 28. Kf1 bxc5 29. Ba5 Rxc6 30. Rxc6 Rxe4 31. Rc8+ Bg8 32. Kg1 h6 33.
Kxh1 Rd4 34. h3 Kh7 35. Rxc5 Bd5 36. Bc3 Rd1+ 37. Kh2 f5 38. Be2 1-0

[Event "Early-Titled-Tuesday-Blitz-September-26-2023"]
[Site "Chess.com"]
[Date "2023.09.26"]
[Round "10"]
[White "Squirlolz"]
[Black "DuleMudule"]
[Result "0-1"]
[WhiteElo "2574"]
[BlackElo "2795"]
[TimeControl "180+1"]
[EndTime "9:55:15 PDT"]
[Termination "DuleMudule won on time"]

1. e4 c6 2. d4 d5 3. e5 Bf5 4. Nd2 e6 5. Nb3 Nd7 6. Nf3 h6 7. Be2 Ne7 8. O-O Bg6 9. Bd2 Nf5 10. c3 Be7 11. g4 Nh4 12. Nxh4 Bxh4 13. f4 Be4 14.
Bf3 Bxf3 15. Qxf3 Qe7 16. Be3 f6 17. Bf2 Bxf2+ 18. Rxf2 O-O 19. Qe3 fxe5 20. dxe5 c5 21. Raf1 a5 22. Nd2 Rad8 23. Nf3 a4 24. h4 Nb6 25. h5 d4 26. Qe4 Nd5 27. f5 exf5 28.
gxf5 Ne3 29. cxd4 Nxf1 30. Kxf1 cxd4 31. f6 Rxf6 32. Qg4 Rf7 33. e6 Rf6 34. Kg2 d3 35. Ne5 Qxe6 0-1

[Event "Early-Titled-Tuesday-Blitz-September-26-2023"]
[Site "Chess.com"]
[Date "2023.09.26"]
[Round "10"]
[White "Witty_Alien"]
[Black "Barmen_EV"]
[Result "0-1"]
[WhiteElo "2230"]
[BlackElo "2458"]
[TimeControl "180+1"]
[EndTime "9:55:18 PDT"]
[Termination "Barmen_EV won by checkmate"]

1. e4 e5 2. d4 exd4 3. c3 dxc3 4. Bc4 cxb2 5. Bxb2 d5 6. exd5 Nf6 7. Nf3 Bb4+ 8.
Nc3 O-O 9. O-O Bg4 10. Qd4 Bxf3 11. gxf3 Nc6 12. Qf4 Bd6 13. Qh4 Ne5 14. Be2 Nfd7 15. Qh3 Ng6 16. Bd3 Nde5 17. Bc2 h6 18. Kh1 Qf6 19.
Be4 Nf4 20. Qg3 Nc4 21. Nd1 Nxb2 22. Rg1 Ne2 23. Qg4 Nxg1 24. Nxb2 Qxb2 25. Rxg1 Qe5 26. Rg2 f5 27. Bxf5 Rxf5 28. f4 Qf6 29. f3 Rxf4 30. Qh5 Rxf3 31. Re2 Rf1+ 32. Kg2 Rf8 33. h4 Rf2+ 34. Rxf2 Qxf2+ 35. Kh1 Qf1# 0-1

[Event "Early-Titled-Tuesday-Blitz-September-26-2023"]
[Site "Chess.com"]
[Date "2023.09.26"]
[Round "10"]
[White "Bodhanas"]
[Black "DarZay"]
[Result "1-0"]
[WhiteElo "2060"]
[BlackElo "2188"]
[TimeControl "180+1"]
[EndTime "9:55:20 PDT"]
[Termination "Bodhanas won by resignation"]

1. d4 d5 2. Nf3 Nf6 3. Bf4 Bf5 4.
e3 e6 5. a3 Be7 6. Nc3 O-O 7.
Bd3 Ne4 8. Bxe4 Bxe4 9. Nxe4 dxe4 10. Nd2 f5 11. O-O Nd7 12. Nc4 Nf6 13. f3 exf3 14. Qxf3 Ne4 15. Rad1 c6 16. Be5 Qd5 17.
Nd2 Nxd2 18. Rxd2 Qxf3 19. Rxf3 g5 20. h3 h5 21. e4 fxe4 22. Rxf8+ Rxf8 23. Re2 Kh7 24. Rxe4 Kg6 25. g4 hxg4 26. hxg4 c5 27. Kg2 b6 28. c3 cxd4 29. Bxd4 Rf4 30. Rxf4 gxf4 31. Be5 Bf6 32. Bxf4 e5 33. Bg3 Kg5 34. Kf3 a5 35. Ke4 Kxg4 36. Bxe5 Be7 37. Kd5 Bc5 38. Bd4 Be7 39.
Bxb6 a4 40. Kc4 Kf3 41. Kb5 Ke2 42. Kxa4 Kd3 43. Kb3 1-0

[Event "Early-Titled-Tuesday-Blitz-September-26-2023"]
[Site "Chess.com"]
[Date "2023.09.26"]
[Round "10"]
[White "GradualismUnleashed"]
[Black "KorolDimitriy75"]
[Result "1-0"]
[WhiteElo "2590"]
[BlackElo "2409"]
[TimeControl "180+1"]
[EndTime "9:55:26 PDT"]
[Termination "GradualismUnleashed won on time"]

1. e4 c5 2. Nf3 d6 3. d4 cxd4 4.
Nxd4 Nf6 5. Nc3 g6 6. Be3 Bg7 7. f3 O-O 8. Qd2 Nc6 9. g4 Be6 10. Nxe6 fxe6 11. O-O-O Ne5 12. Be2 Qc8 13. h4 Nc4 14. Bxc4 Qxc4 15. h5 Nd7 16. hxg6 hxg6 17. f4 Bxc3 18. bxc3 Rac8 19. Qh2 Kf7 20. Qh7+ Ke8 21.
Qxg6+ Kd8 22. e5 Rc6 23. exd6 exd6 24. Qg5+ Kc8 25. Qa5 Qxc3 26. Qxc3 Rxc3 27. Kd2 Rc4 28. g5 Nc5 29. g6 Ne4+ 30. Kd3 d5 31. g7 Rg8 32.
Rh8 Nf6 33. Bd4 Rxd4+ 34. Kxd4 Kd7 35. Rxg8 Nxg8 36. Ke5 Ke7 37. f5 exf5 38. Rxd5 Nf6 39.
Kxf5 Kf7 40. Rd6 Ng8 41. Rd7+ Ke8 42. Rxb7 Nh6+ 43. Ke6 Kd8 44. Rxa7 Kc8 45. a4 Kb8 46. Rd7 Kc8 47. a5 Kb8 48. a6 Kc8 49. a7 1-0

[Event "Early-Titled-Tuesday-Blitz-September-26-2023"]
[Site "Chess.com"]
[Date "2023.09.26"]
[Round "10"]
[White "almaguerjm"]
[Black "Manukyan_Artak"]
[Result "0-1"]
[WhiteElo "2470"]
[BlackElo "2432"]
[TimeControl "180+1"]
[EndTime "9:55:28 PDT"]
[Termination "Manukyan_Artak won by resignation"]

1. e4 c6 2. d4 d5 3. e5 Bf5 4. Bd3 Bxd3 5. Qxd3 e6 6. Ne2 Qa5+ 7. c3 Qa6 8. Qf3 c5 9. O-O Nc6 10. Nd2 Nh6 11. Nb3 Nf5 12. Re1 cxd4 13. Nexd4 Ncxd4 14.
cxd4 Bb4 15. Rd1 O-O 16. Bg5 h6 17. g4 Ne7 18. Be3 Ng6 19. g5 hxg5 20. Bxg5 Rac8 21. h4 Be7 22. Qg3 Qe2 23. Rd2 Qh5 24. Bxe7 Nxe7 25. Kg2 Nf5 26. Qf4 Nxh4+ 27. Kg3 Nf5+ 28. Kg2 Qh4 29.
Qxh4 Nxh4+ 30. Kh3 Nf5 31. Rg1 Rc4 32. Rg5 b6 33.
Kg4 g6 34. Kf3 a5 35. Rg4 Rfc8 36. Ke2 Rc2 37. Rg1 a4 38. Na1 Nxd4+ 39. Kd3 Rxd2+ 0-1

[Event "Early-Titled-Tuesday-Blitz-September-26-2023"]
[Site "Chess.com"]
[Date "2023.09.26"]
[Round "10"]
[White "Msb2"]
[Black "JimDiGrease"]
[Result "1-0"]
[WhiteElo "3081"]
[BlackElo "2862"]
[TimeControl "180+1"]
[EndTime "9:55:29 PDT"]
[Termination "Msb2 won by resignation"]

1. d4 d5 2. c4 e6 3. Nc3 c6 4. Nf3 Nf6 5. Qc2 dxc4 6. e4 b5 7. Be2 Bb7 8. O-O Nbd7 9. b3 b4 10. e5 Nd5 11. Bg5 Qa5 12. Nxd5 cxd5 13. bxc4 dxc4 14.
Bxc4 Rc8 15. Qb3 Qb6 16. Rfc1 Be7 17. Bxe7 Kxe7 18. a3 Bxf3 19. gxf3 Qxd4 20. Qxb4+ Qc5 21. f4 a5 22. Qd2 Rhd8 23. Ba6 Nxe5 24. Rxc5 Nf3+ 25.
Kg2 Rxc5 26. Qe3 Nh4+ 27. Kh1 Rcd5 28. h3 g6 29. Be2 Nf5 30. Qc3 Rd4 31. Rb1 Rxf4 32.
Rb7+ Rd7 33. Qc5+ Nd6 34. Rxd7+ Kxd7 35. Qxa5 e5 36. Qb6 Ke6 37. Bd1 Rd4 38. Bb3+ Kf5 39.
a4 Ne4 40. Bc2 1-0

[Event "Early-Titled-Tuesday-Blitz-September-26-2023"]
[Site "Chess.com"]
[Date "2023.09.26"]
[Round "10"]
[White "ViktoriyaTarasova"]
[Black "ElenaPershina"]
[Result "0-1"]
[WhiteElo "2382"]
[BlackElo "2332"]
[TimeControl "180+1"]
[EndTime "9:55:29 PDT"]
[Termination "ElenaPershina won by checkmate"]

1. d4 d5 2. c4 c6 3. Nf3 Nf6 4. Nc3 dxc4 5. a4 Bf5 6. Ne5 Nbd7 7. Nxc4 Qc7 8. g3 e5 9. dxe5 Nxe5 10. Bf4 Nfd7 11. Bg2 g5 12. Ne3 gxf4 13. Nxf5 O-O-O 14. Qc2 fxg3 15. hxg3 Kb8 16. O-O-O Bb4 17. e3 Nc5 18. f4 Ned3+ 19. Kb1 Qa5 20. Ne4 Nxb2 21. Rxd8+ Rxd8 22. Qxb2 Nd3 23. Qf6 Be7 24. Nxe7 Qb4+ 25. Kc2 Qxa4+ 26. Kc3 Qa3+ 27. Kc2 Qa2+ 28. Kc3 Qb2+ 29.
Kc4 b5# 0-1

[Event "Early-Titled-Tuesday-Blitz-September-26-2023"]
[Site "Chess.com"]
[Date "2023.09.26"]
[Round "10"]
[White "Arek_pacitan"]
[Black "Mikhail_Bryakin"]
[Result "0-1"]
[WhiteElo "2682"]
[BlackElo "2836"]
[TimeControl "180+1"]
[EndTime "9:55:31 PDT"]
[Termination "Mikhail_Bryakin won on time"]

1. d4 e6 2. Nf3 b6 3. g3 Bb7 4. Bg2 g6 5. O-O Bg7 6. c4 Ne7 7. Nc3 O-O 8. e4 f5 9. e5 h6 10.
d5 g5 11. Nd4 Bxe5 12. dxe6 Nbc6 13. Nxc6 Bxc6 14. Nd5 Bxd5 15. cxd5 dxe6 16. dxe6 Qxd1 17.
Rxd1 Rad8 18. Bd2 Bxb2 19. Rab1 Bf6 20. Be3 c5 21. a4 Bd4 22. Bxd4 Rxd4 23. Rxd4 cxd4 24.
a5 Rb8 25. Rd1 Rd8 26. axb6 axb6 27. Bf1 Kg7 28. Bc4 Kf6 29. Kf1 Rd6 30. Ke2 Nc6 31. f4 Nd8 32. Kd3 gxf4 33. gxf4 Nxe6 34. Bxe6 Rxe6 35. Rb1 Rd6 36. Rb5 Kg6 37. h3 Kf6 38. Rb4 Kg7 39. Rb5 Kg6 40. Re5 Kh5 41. Rxf5+ Kh4 42. Rf8 Kxh3 43. f5 Kg4 44. f6 Kf5 45. f7 Kf6 46. Kd2 Ke7 47. Rh8 Kxf7 0-1

[Event "Early-Titled-Tuesday-Blitz-September-26-2023"]
[Site "Chess.com"]
[Date "2023.09.26"]
[Round "10"]
[White "salomez"]
[Black "AsaHoffmann"]
[Result "0-1"]
[WhiteElo "2300"]
[BlackElo "2393"]
[TimeControl "180+1"]
[EndTime "9:55:33 PDT"]
[Termination "AsaHoffmann won by checkmate"]

1. e4 d6 2. d4 Nf6 3. Nc3 c6 4. Be2 Nbd7 5. Nf3 e5 6. O-O Be7 7. h3 b5 8. a3 a6 9. Be3 Bb7 10. Qd2 Qc7 11. Rfd1 O-O 12. Bf1 Rfe8 13. g4 Bf8 14.
Bg2 Rad8 15. Nh2 h6 16. Nf1 Nb6 17. b3 c5 18. d5 c4 19. b4 Nbd7 20. Ng3 Bc8 21.
Nf5 Nb8 22. g5 hxg5 23. Bxg5 Be7 24. Ne2 Bxf5 25. exf5 Nh7 26. Be3 Nd7 27. Ng3 Ndf6 28. a4 Ra8 29. c3 Qd7 30. Qc2 Bd8 31. Ra2 Rb8 32. Rda1 e4 33. axb5 axb5 34. Ra7 Qc8 35. Nxe4 Qxf5 36. Nxf6+ Qxf6 37. Bd4 Qg5 38. Kh1 Bb6 39.
Bxb6 Rxb6 40. Rg1 g6 41. Be4 Qh6 42. Rg3 Nf8 43. Kg2 Rbb8 44. Bf3 Ra8 45. Rxa8 Rxa8 46. Qe4 Ra1 47. Qe7 Qc1 48. Bg4 Qh1# 0-1

[Event "Early-Titled-Tuesday-Blitz-September-26-2023"]
[Site "Chess.com"]
[Date "2023.09.26"]
[Round "10"]
[White "Maxfan2008"]
[Black "Kirill_Klukin"]
[Result "1-0"]
[WhiteElo "2575"]
[BlackElo "2691"]
[TimeControl "180+1"]
[EndTime "9:55:36 PDT"]
[Termination "Maxfan2008 won by checkmate"]

1. d4 Nf6 2. c4 Nc6 3. Nf3 e6 4. a3 d6 5. g3 g6 6. Bg2 Bg7 7. O-O O-O 8. Nc3 e5 9. e4 Bg4 10. d5 Nd4 11. Be3 Re8 12. Re1 c5 13. dxc6 bxc6 14. Bxd4 exd4 15. Qxd4 Nxe4 16. Qd3 Nxc3 17.
bxc3 Rxe1+ 18. Rxe1 Bf5 19. Qd2 Qa5 20. Nd4 Bd7 21.
Re7 Rd8 22. Qf4 f5 23. Qxd6 Bf8 24. Bxc6 Bxe7 25. Bd5+ Kf8 26. Ne6+ Bxe6 27. Qxe6 Rd6 28. Qf7# 1-0